 Dungeon Crawl Stone Soup version 0.20.1-1-g8b1a95d66d (webtiles) character file.

95 Popi the Poker (level 4, -6/37 HPs)
             Began as a Human Fighter on Dec 17, 2017.
             Mangled by a wight
             ... wielding a +6 halberd of venom
              (10 damage)
             ... on level 2 of the Dungeon.
             The game lasted 00:03:23 (1745 turns).

Popi the Poker (Human Fighter)                      Turns: 1745, Time: 00:03:24

Health: -6/37      AC:  8    Str: 18    XL:     4   Next: 95%
Magic:  4/4        EV:  7    Int:  8    God:
Gold:   121        SH:  0    Dex: 12    Spells: 3/3 levels left

rFire    . . .     SeeInvis .   a - +0 trident
rCold    . . .     Gourm    .   (no shield)
rNeg     . . .     Faith    .   e - +0 chain mail
rPois    .         Spirit   .   (no helmet)
rElec    .         Reflect  .   (no cloak)
rCorr    .         Harm     .   (no gloves)
MR       .....                  (no boots)
Stlth    ..........             (no amulet)
Regen    0.2/turn               (no ring)
MPRegen  0.1/turn               (no ring)

@: lethally poisoned (-6 -> -33), heavily drained
A: no striking features
a: no special abilities


You were on level 2 of the Dungeon.
You were hungry.

You visited 1 branch of the dungeon, and saw 3 of its levels.

You collected 121 gold pieces.

Inventory:

Hand Weapons
 a - a +0 trident (weapon)
Armour
 c - a +0 shield
 e - a +0 chain mail (worn)
Scrolls
 g - a scroll of enchant armour {unknown}
 i - 2 scrolls of identify {unknown}
Potions
 b - a potion of invisibility {unknown}
 d - a potion of might
 h - a potion of brilliance {unknown}
 k - a potion of resistance {unknown}
Books
 l - a book of Callings

   Spells                             Type                      Level
   a - Summon Small Mammal            Summoning                    1
   b - Call Imp                       Summoning                    2
   c - Call Canine Familiar           Summoning                    3
   d - Summon Guardian Golem          Hexes/Summoning              3
   e - Summon Lightning Spire         Summoning/Air                4
   f - Summon Ice Beast               Ice/Summoning                4
Comestibles
 f - 3 bread rations
 j - 4 fruits


   Skills:
 + Level 3.9(2.5) Fighting
 - Level 4.0(2.6) Polearms
 - Level 3.0(1.7) Armour
 - Level 3.0(1.7) Shields


You had 3 spell levels left.
You didn't know any spells.

Dungeon Overview and Level Annotations

Branches:
Dungeon (3/15)

Altars:


Message History

You are more poisoned.
You closely miss the wight.
You feel sick. The wight closely misses you.
You hit the wight.
The wight is moderately damaged.
You feel sick. The wight barely misses you.
You hit the wight.
The wight is severely damaged.
You feel sick.
You hit the wight but do no damage.
The wight is severely damaged.
You feel sick.
The wight hits you with a halberd of venom!
* * * LOW HITPOINT WARNING * * *
You are more poisoned.
You barely miss the wight.
The wight is severely damaged.
* * * LOW HITPOINT WARNING * * *
You feel sick.
The wight hits you with a halberd of venom!
You die...

#####..# #...#
#............. .......#
###...###.#####.######
######.# #..........# #.#
.......# #.##...##..# #.#
######## #......##..####.#
#.##...##.......#
############.#.........#####
...........#.#.z....##.#
...........#.#..@......#
...........#.#......####
.......รท...#.#......#
...........#....#####
................#
...........#....#
########...#....# ###.#....#
#...#....#


You could see a wight.

Vanquished Creatures
  A wight (D:3)
  An adder (D:2)
  An ooze (D:1)
  A worm (D:3)
  2 dart slugs (D:1)
  A leopard gecko (D:3)
  An orc (D:3)
  3 goblins
  3 hobgoblins
  3 jackals (D:1)
  2 kobolds
  2 quokkas (D:2)
  2 ball pythons
  4 bats
  A frilled lizard (D:2)
  6 rats
34 creatures vanquished.

Notes
Turn   | Place    | Note
-------+----------+-------------------------------------------
     0 | D:1      | Popi the Human Fighter began the quest for the Orb.
     0 | D:1      | Reached XP level 1. HP: 18/18 MP: 1/1
   191 | D:1      | Reached XP level 2. HP: 19/24 MP: 2/2
   274 | D:1      | Reached skill level 3 in Polearms
   377 | D:1      | Reached XP level 3. HP: 29/29 MP: 3/3
  1386 | D:3      | Reached skill level 4 in Polearms
  1386 | D:3      | Reached XP level 4. HP: 35/35 MP: 4/4
  1442 | D:3      | HP: 1/35 [wight/enchanted dagger (2)]
  1745 | D:2      | Mangled by a wight

Skill      XL: |  1  2  3 |
---------------+----------+-----
Polearms       | 3 4 |  4.0
Fighting       | |  3.9
Armour         | |  3.0
Shields        | |  3.0

Action                   |  1- 3 |  4- 6 || total
-------------------------+-------+-------++-------
Melee: Trident           |    97 |    44 ||   141
  Eat: Chunk             |       |     2 ||     2
Armor: Chain mail        |    50 |    10 ||    60
Dodge: Dodged            |    27 |    16 ||    43
